PL
TOLEDO TITANS @ BUCKHEAD BOWTIES
07/30/2020
 
TOP OF THE 1ST
Toledo Titans batting - Pitching for Buckhead Bowties : LHP Pedro Ortíz
Pitching: LHP Pedro Ortíz
Batting: LHB Héctor Cortéz 0-0: Ball
1-0: Ground out 4-3 (Groundball, 13)
Batting: LHB Miguel Chávez 0-0: Ball
1-0: Ball
2-0: Called Strike
2-1: Foul Ball, location: 2F
2-2: Ball
3-2: Base on Balls
Batting: LHB Michael Neely 0-0: Ball
1-0: Grounds into double play, 4-6-3 (Groundball, 4)
Top of the 1st over - 0 run(s), 0 hit(s), 0 error(s), 0 left on base; Toledo 0 - Buckhead 0
BOTTOM OF THE 1ST
Buckhead Bowties batting - Pitching for Toledo Titans : RHP Lou Meadows
Pitching: RHP Lou Meadows
Batting: RHB Dave King 0-0: SINGLE (Line Drive, 7S)
Batting: LHB Neil Lawson 0-0: Foul Ball, location: 2F
0-1: Ball
1-1: Ball
2-1: Foul Ball, location: 2F
2-2: Strikes out swinging
Batting: RHB John Downing 0-0: Called Strike
0-1: Foul Ball, location: 2F
0-2: Strikes out swinging
Batting: LHB Tony Martínez 0-0: Ball
1-0: Ground out 4-3 (Groundball, 4)
Bottom of the 1st over - 0 run(s), 1 hit(s), 0 error(s), 1 left on base; Toledo 0 - Buckhead 0
TOP OF THE 2ND
Toledo Titans batting - Pitching for Buckhead Bowties : LHP Pedro Ortíz
Batting: RHB Juan Orozco 0-0: Ball
1-0: Foul Ball, location: 2F
1-1: Fly out, F8 (Line Drive, 8RS)
Batting: LHB Iván Gonzáles 0-0: Fly out, F7 (Flyball, 78XD)
Batting: LHB David Martínez 0-0: Foul Ball, location: 2F
0-1: SINGLE (Groundball, 34D)
Pitching: LHP Ethan Bishop
Batting: RHB Brad Brown 0-0: Fielders Choice at 2nd, 5-4 (Groundball, 56)
Top of the 2nd over - 0 run(s), 1 hit(s), 0 error(s), 0 left on base; Toledo 0 - Buckhead 0
BOTTOM OF THE 2ND
Buckhead Bowties batting - Pitching for Toledo Titans : RHP Lou Meadows
Batting: RHB Gabriel Rodríguez 0-0: Ball
1-0: SINGLE (Flyball, 56D)
Batting: RHB Aurelio Vázquez 0-0: Ball
1-0: Ball
2-0: Foul Ball, location: 2F
2-1: Fly out, F8 (Flyball, 89D)
Batting: RHB Pedro Morales 0-0: Called Strike
0-1: Ball
1-1: Ball
2-1: Ball
3-1: Base on Balls
Gabriel Rodríguez to second
Batting: RHB Shaun Bowles 0-0: Ball
1-0: Foul Ball, location: 2F
1-1: Ball
2-1: SINGLE (Groundball, 4MD)
Gabriel Rodríguez to third
Pedro Morales to second
Runner from 3rd tries for Home, SAFE, throw made home
Pedro Morales to third
Shaun Bowles to second
Pinch Hitting: LHB Sinclair van Kooten 0-0: Ball
1-0: Swinging Strike
1-1: Ground out 5-3 (Groundball, 5S)
Batting: RHB Dave King 0-0: Foul Ball, location: 2F
0-1: Called Strike
0-2: Foul Ball, location: 2F
0-2: Ball
1-2: Ball
2-2: SINGLE (Line Drive, 7S)
Pedro Morales scores
Shaun Bowles to third
Batting: LHB Neil Lawson 0-0: Called Strike
0-1: Foul Ball, location: 2F
0-2: Foul Ball, location: 2F
0-2: Ball
1-2: Foul Ball, location: 2F
1-2: Ball
2-2: Foul Ball, location: 2F
2-2: Strikes out swinging
Bottom of the 2nd over - 2 run(s), 3 hit(s), 0 error(s), 2 left on base; Toledo 0 - Buckhead 2
TOP OF THE 3RD
Toledo Titans batting - Pitching for Buckhead Bowties : LHP Ethan Bishop
Pitching: LHP Kevin Woods
Batting: LHB Rick Harrison 0-0: Called Strike
0-1: Foul Ball, location: 2F
0-2: Strikes out swinging
Batting: RHB Lou Meadows 0-0: Called Strike
0-1: Foul Ball, location: 2F
0-2: Strikes out swinging
Batting: LHB Héctor Cortéz 0-0: Ground out U3 (Groundball, 3S)
Top of the 3rd over - 0 run(s), 0 hit(s), 0 error(s), 0 left on base; Toledo 0 - Buckhead 2
BOTTOM OF THE 3RD
Buckhead Bowties batting - Pitching for Toledo Titans : RHP Lou Meadows
Batting: RHB John Downing 0-0: Called Strike
0-1: Called Strike
0-2: SINGLE (Groundball, 56D)
Batting: LHB Tony Martínez 0-0: Ball
1-0: Ball
2-0: Ball
3-0: Fly out, F7 (Flyball, 78D)
Batting: RHB Gabriel Rodríguez 0-0: Ball
1-0: Called Strike
1-1: Ball
2-1: Ball
3-1: Called Strike
3-2: Strikes out swinging
Batting: RHB Aurelio Vázquez 0-0: Ball
1-0: Ball
2-0: Foul Ball, location: 2F
2-1: Ball
3-1: Foul Ball, location: 2F
3-2: Base on Balls
John Downing to second
Batting: RHB Pedro Morales 0-0: Called Strike
0-1: Called Strike
0-2: Strikes out swinging
Bottom of the 3rd over - 0 run(s), 1 hit(s), 0 error(s), 2 left on base; Toledo 0 - Buckhead 2
TOP OF THE 4TH
Toledo Titans batting - Pitching for Buckhead Bowties : LHP Kevin Woods
Batting: LHB Miguel Chávez 0-0: Ball
1-0: Ground out 6-3 (Groundball, 6)
Batting: LHB Michael Neely 0-0: Swinging Strike
0-1: Ball
1-1: Foul Ball, location: 2F
1-2: Ball
2-2: Foul Ball, location: 2F
2-2: Ball
3-2: Strikes out looking
Batting: RHB Juan Orozco 0-0: Ball
1-0: Ball
2-0: SINGLE (Groundball, 4MD)
Batting: LHB Iván Gonzáles 0-0: Foul Ball, location: 2F
0-1: Ball
1-1: Fly out, F7 (Flyball, 78M)
Top of the 4th over - 0 run(s), 1 hit(s), 0 error(s), 1 left on base; Toledo 0 - Buckhead 2
BOTTOM OF THE 4TH
Buckhead Bowties batting - Pitching for Toledo Titans : RHP Lou Meadows
Batting: RHB Shaun Bowles 0-0: Called Strike
0-1: SINGLE (Groundball, 56)
Batting: LHB Kevin Woods 0-0: Bunted foul
0-1: Bunt missed!
0-2: Bunted foul, Strikeout!
Batting: RHB Dave King 0-0: Ball
1-0: Ball
2-0: SINGLE (Line Drive, 78M)
Shaun Bowles to second
Batting: LHB Neil Lawson 0-0: Ball
1-0: Called Strike
1-1: Foul Ball, location: 2F
1-2: Ball
2-2: SINGLE (Flyball, 7LS)
Shaun Bowles to third
Dave King to second
Batting: RHB John Downing 0-0: Foul Ball, location: 2F
0-1: Foul Ball, location: 2F
0-2: Ball
1-2: Ball
2-2: Foul Ball, location: 2F
2-2: Ball
3-2: Foul Ball, location: 2F
3-2: SINGLE (Groundball, 6MD)
Shaun Bowles scores
Dave King to third
Neil Lawson to second
Batting: LHB Tony Martínez 0-0: SINGLE (Groundball, 34D)
Dave King scores
Neil Lawson to third
John Downing to second
Runner from 3rd tries for Home, SAFE, throw made home
John Downing to third
Tony Martínez to second
Batting: RHB Gabriel Rodríguez 0-0: Called Strike
0-1: Ball
1-1: Called Strike
1-2: Ball
2-2: Foul Ball, location: 2F
2-2: Ball
3-2: Foul Ball, location: 2F
3-2: Base on Balls
Batting: RHB Aurelio Vázquez 0-0: Grounds into double play, 6-4-3 (Groundball, 6)
Bottom of the 4th over - 3 run(s), 5 hit(s), 0 error(s), 2 left on base; Toledo 0 - Buckhead 5
TOP OF THE 5TH
Toledo Titans batting - Pitching for Buckhead Bowties : LHP Kevin Woods
Batting: LHB David Martínez 0-0: Foul Ball, location: 2F
0-1: Swinging Strike
0-2: Ball
1-2: Foul Ball, location: 2F
1-2: Ball
2-2: Ball
3-2: Strikes out swinging
Batting: RHB Brad Brown 0-0: Foul Ball, location: 2F
0-1: Ball
1-1: Hit by Pitch
Batting: LHB Rick Harrison 0-0: Ball
1-0: Called Strike
1-1: Ball
2-1: Swinging Strike
2-2: Ball
3-2: SINGLE (Groundball, 4MD)
Brad Brown to second
Brad Brown to third
Pinch Hitting: RHB Miguel García 0-0: Called Strike
0-1: Swinging Strike
0-2: Foul Ball, location: 2F
0-2: Ball
1-2: Strikes out swinging
Rick Harrison steals 2nd base
Batter strikes out.
Batting: LHB Héctor Cortéz 0-0: Ball
1-0: Fly out, F5 (Line Drive, 5)
Top of the 5th over - 0 run(s), 1 hit(s), 0 error(s), 2 left on base; Toledo 0 - Buckhead 5
BOTTOM OF THE 5TH
Buckhead Bowties batting - Pitching for Toledo Titans : RHP Lou Meadows
Pitching: RHP Adrián Ramos
Batting: RHB Pedro Morales 0-0: Ball
1-0: Foul Ball, location: 2F
1-1: Ball
2-1: Ball
3-1: Foul Ball, location: 2F
3-2: Base on Balls
Batting: RHB Shaun Bowles 0-0: Ball
1-0: Ball
2-0: Ball
3-0: Base on Balls
Pedro Morales to second
Pinch Hitting: LHB Kenneth Chapman 0-0: Ball
1-0: Ball
2-0: Ball
3-0: Called Strike
3-1: Grounds into double play, 4-6-3 (Groundball, 4)
Pedro Morales to third
Batting: RHB Dave King 0-0: Ball
1-0: Called Strike
1-1: Ball
2-1: Ball
3-1: Foul Ball, location: 2F
3-2: Base on Balls
Batting: LHB Neil Lawson 0-0: Ball
1-0: Foul Ball, location: 2F
1-1: Ball
2-1: Ball
Passed Ball!
Pedro Morales scores
Dave King to second
3-1: Called Strike
3-2: Base on Balls
Batting: RHB John Downing 0-0: Called Strike
0-1: Called Strike
0-2: Strikes out looking
Bottom of the 5th over - 1 run(s), 0 hit(s), 0 error(s), 2 left on base; Toledo 0 - Buckhead 6
TOP OF THE 6TH
Toledo Titans batting - Pitching for Buckhead Bowties : LHP Kevin Woods
Pitching: RHP Gene Kirkland
Batting: LHB Miguel Chávez 0-0: Ball
1-0: Fly out, F9 (Flyball, 89XD)
Batting: LHB Michael Neely 0-0: Ball
1-0: Ball
2-0: Foul Ball, location: 2F
2-1: Called Strike
2-2: Strikes out looking
Batting: RHB Juan Orozco 0-0: Called Strike
0-1: Called Strike
0-2: Strikes out looking
Top of the 6th over - 0 run(s), 0 hit(s), 0 error(s), 0 left on base; Toledo 0 - Buckhead 6
BOTTOM OF THE 6TH
Buckhead Bowties batting - Pitching for Toledo Titans : RHP Adrián Ramos
Batting: LHB Tony Martínez 0-0: Ball
1-0: Ball
2-0: Foul Ball, location: 2F
2-1: Ball
3-1: Foul Ball, location: 2F
3-2: Foul Ball, location: 2F
3-2: Base on Balls
Batting: RHB Gabriel Rodríguez 0-0: Ball
1-0: Ball
2-0: Fly out, F8 (Flyball, 8RXD)
Batting: RHB Aurelio Vázquez 0-0: Called Strike
0-1: Foul Ball, location: 2F
0-2: Foul Ball, location: 2F
0-2: Ball
1-2: Strikes out swinging
Batting: RHB Pedro Morales 0-0: Called Strike
0-1: Ball
1-1: Foul Ball, location: 2F
1-2: Ball
2-2: Hit by Pitch
Tony Martínez to second
Batting: RHB Shaun Bowles 0-0: Ball
1-0: Ball
2-0: Called Strike
2-1: Foul Ball, location: 2F
2-2: Strikes out looking
Bottom of the 6th over - 0 run(s), 0 hit(s), 0 error(s), 2 left on base; Toledo 0 - Buckhead 6
TOP OF THE 7TH
Toledo Titans batting - Pitching for Buckhead Bowties : RHP Gene Kirkland
Batting: LHB Iván Gonzáles 0-0: Foul Ball, location: 2F
0-1: Ball
1-1: Ball
2-1: Fly out, F8 (Flyball, 8RM)
Batting: LHB David Martínez 0-0: Ball
1-0: Foul Ball, location: 2F
1-1: Foul Ball, location: 2F
1-2: Strikes out swinging
Batting: RHB Brad Brown 0-0: Ball
1-0: Foul Ball, location: 2F
1-1: Foul Ball, location: 2F
1-2: Strikes out swinging
Top of the 7th over - 0 run(s), 0 hit(s), 0 error(s), 0 left on base; Toledo 0 - Buckhead 6
BOTTOM OF THE 7TH
Buckhead Bowties batting - Pitching for Toledo Titans : RHP Adrián Ramos
Pitching: RHP Juan Ayala
Pinch Hitting: RHB Enrique Marroquín 0-0: SINGLE (Groundball, 6MD)
Batting: RHB Dave King 0-0: Ball
Enrique Marroquín steals 2nd base
1-0: Ball
2-0: DOUBLE (Line Drive, 78D)
Enrique Marroquín scores
Batting: LHB Neil Lawson 0-0: Called Strike
0-1: Called Strike
0-2: Ball
1-2: Ball
2-2: Ball
3-2: Foul Ball, location: 2F
3-2: Base on Balls
Batting: RHB John Downing 0-0: Ball
1-0: Ball
2-0: Ball
3-0: Base on Balls
Dave King to third
Neil Lawson to second
Batting: LHB Tony Martínez 0-0: Ground out 3-1 (Groundball, 34)
Dave King scores
Neil Lawson to third
John Downing to second
Batting: RHB Gabriel Rodríguez 0-0: Ball
1-0: Ball
2-0: Called Strike
2-1: Ball
3-1: Base on Balls
Batting: RHB Aurelio Vázquez 0-0: Swinging Strike
0-1: Hit by Pitch
Neil Lawson scores
John Downing to third
Gabriel Rodríguez to second
Pitching: RHP Raúl Cavazos
Batting: RHB Pedro Morales 0-0: Called Strike
0-1: Fly out, F7 (Line Drive, 78M)
Batting: RHB Shaun Bowles 0-0: Ball
1-0: Called Strike
1-1: Ball
2-1: Foul Ball, location: 2F
2-2: Ball
3-2: Foul Ball, location: 2F
3-2: Base on Balls
John Downing scores
Gabriel Rodríguez to third
Aurelio Vázquez to second
Batting: RHB Enrique Marroquín 0-0: Called Strike
0-1: Foul Ball, location: 2F
0-2: Foul Ball, location: 2F
0-2: Ball
1-2: Strikes out looking
Bottom of the 7th over - 4 run(s), 2 hit(s), 0 error(s), 3 left on base; Toledo 0 - Buckhead 10
TOP OF THE 8TH
Toledo Titans batting - Pitching for Buckhead Bowties : RHP Gene Kirkland
Pitching: RHP Anastasio Enríquez
Batting: LHB Rick Harrison 0-0: Ball
1-0: Foul Ball, location: 2F
1-1: Ball
2-1: Ground out U3 (Groundball, 3L)
Pinch Hitting: RHB Juan Ramos 0-0: Ball
1-0: Ball
2-0: Ball
3-0: Called Strike
3-1: Bunt missed!
3-2: DOUBLE (Flyball, 7LD)
Batting: LHB Héctor Cortéz 0-0: Called Strike
0-1: Swinging Strike
0-2: Ball
1-2: Ball
2-2: Ball
3-2: Foul Ball, location: 2F
3-2: Strikes out looking
Batting: LHB Miguel Chávez 0-0: Ball
1-0: 2-RUN HOME RUN (Flyball, 89XD), Distance : 401 ft
Batting: LHB Michael Neely 0-0: Called Strike
0-1: Ball
1-1: Ball
2-1: Foul Ball, location: 2F
2-2: Foul Ball, location: 2F
2-2: SOLO HOME RUN (Flyball, 78XD), Distance : 420 ft
Batting: RHB Juan Orozco 0-0: SINGLE (Popup, 4D)
Batting: LHB Iván Gonzáles 0-0: Called Strike
0-1: Called Strike
0-2: Strikes out looking
Top of the 8th over - 3 run(s), 4 hit(s), 0 error(s), 1 left on base; Toledo 3 - Buckhead 10
BOTTOM OF THE 8TH
Buckhead Bowties batting - Pitching for Toledo Titans : RHP Raúl Cavazos
Pitching: LHP Ron O'Slattery
Batting: RHB Dave King 0-0: Ball
1-0: Ground out 1-3 (Groundball, 15)
Batting: LHB Neil Lawson 0-0: Called Strike
0-1: Ball
1-1: Foul Ball, location: 2F
1-2: Foul Ball, location: 2F
1-2: Ball
2-2: SINGLE (Groundball, 3D)
Batting: RHB John Downing 0-0: Ball
1-0: Foul Ball, location: 2F
1-1: Called Strike
1-2: Ball
2-2: DOUBLE (Groundball, 5L)
Neil Lawson to third
Batting: LHB Tony Martínez 0-0: Ball
1-0: Called Strike
1-1: Ground out 6-3 (Groundball, 6MS)
Neil Lawson scores
John Downing to third
Batting: RHB Gabriel Rodríguez 0-0: Ball
1-0: DOUBLE (Line Drive, 7LS)
John Downing scores
Batting: RHB Aurelio Vázquez 0-0: Called Strike
0-1: Ground out 4-3 (Groundball, 4)
Bottom of the 8th over - 2 run(s), 3 hit(s), 0 error(s), 1 left on base; Toledo 3 - Buckhead 12
TOP OF THE 9TH
Toledo Titans batting - Pitching for Buckhead Bowties : RHP Anastasio Enríquez
Batting: LHB David Martínez 0-0: Called Strike
0-1: Ball
1-1: Ball
2-1: Ball
3-1: Base on Balls
Batting: RHB Brad Brown 0-0: Ball
1-0: Ball
2-0: Called Strike
2-1: Foul Ball, location: 2F
2-2: Strikes out swinging
Batting: LHB Rick Harrison 0-0: Called Strike
0-1: Ball
1-1: Called Strike
1-2: Ball
2-2: Foul Ball, location: 2F
2-2: SINGLE (Groundball, 34D)
David Martínez to second
Runner from 2nd tries for 3rd, SAFE, throw made to third
Rick Harrison to second
Pinch Hitting: RHB Gerald Ambler 0-0: Called Strike
0-1: Fly out, F6 (Popup, 56D)
Batting: LHB Héctor Cortéz 0-0: Called Strike
0-1: SINGLE (Groundball, 3S)
David Martínez scores
Rick Harrison to third
Runner from 3rd tries for Home, SAFE, no throw or cutoff
Pitching: RHP Mike Lyon
Batting: LHB Miguel Chávez 0-0: Foul Ball, location: 2F
0-1: Foul Ball, location: 2F
0-2: Ball
Wild Pitch!
Héctor Cortéz to second
1-2: Foul Ball, location: 2F
1-2: Strikes out swinging
Top of the 9th over - 2 run(s), 2 hit(s), 0 error(s), 1 left on base; Toledo 5 - Buckhead 12
This league is powered by Out of the Park Baseball, the baseball management simulation game for PC, Mac and Linux
Friday, October 23rd, 2015 - OOTP Baseball 16.9 Build 39